 Dungeon Crawl Stone Soup version 0.31.0-11-ge490571c62 (webtiles) character file.

Game seed: 11904187544349544234

664 SnakkuSnakku7 the Slasher (level 7, -1/54 HPs)
             Began as a Merfolk Conjurer on Feb 1, 2024.
             Was an Initiate of Ru.
             Slain by a hornet (14 damage)
             ... on level 5 of the Dungeon.
             The game lasted 00:07:21 (3904 turns).

SnakkuSnakku7 the Slasher (Merfolk Conjurer)        Turns: 3904, Time: 00:07:22

Health: -1/54      AC:  5    Str:  9    XL:     7   Next: 57%
Magic:  19/19      EV: 12    Int: 20    God:    Ru [......]
Gold:   150        SH:  0    Dex: 12    Spells: 9/10 levels left

rFire   . . .        a - +1 scimitar (protect)
rCold   . . .        (no shield)
rNeg    + . .        j - +2 toga "Victory" {*Victory Int+2 Slay+2 Clar}
rPois   .            (no helmet)
rElec   .            (no cloak)
rCorr   .            u - +0 pair of gloves
SInv    .            (no boots)
Will    .....        (no amulet)
Stlth   ++           o - ring of magical power
HPRegen 0.29/turn    r - ring of positive energy
MPRegen 0.16/turn

%: clarity
@: lethally poisoned (-1 -> -5), slowed, very slow
A: (nimble swimmer 2), mertail
a: Renounce Religion


You were on level 5 of the Dungeon.
You worshipped Ru.
Ru was noncommittal.
You visited 2 branches of the dungeon, and saw 6 of its levels.

You collected 150 gold pieces.

Inventory:

Hand Weapons
 a - a +1 scimitar of protection (weapon)
Missiles
 f - 2 poisoned darts
Armour
 j - the +2 toga "Victory" (worn) {*Victory Int+2 Slay+2 Clar}
   (You found it on level 2 of the Dungeon)

   *Victory:  When the wearer kills a threatening monster, it has a chance to
   gain +1 AC, +1 Slay, and +1 Int, capping at +7.
   When the wearer uses a scroll or a potion with a hostile monster in sight,
   its bonuses reset to +0.
   Unequipping it also resets its bonuses to +0.
   Int+2:     It affects your intelligence (+2).
   Slay+2:    It affects your accuracy & damage with ranged weapons and melee
   (+2).
   Clar:      It protects you from confusion, rage, mesmerisation and fear.
 m - a +0 robe
 u - a +0 pair of gloves (worn)
Jewellery
 o - a ring of magical power (left hand)
 r - a ring of positive energy (right hand)
 t - a ring of ice
Wands
 l - a wand of iceblast (1)
 s - a wand of flame (28)
Scrolls
 b - a scroll of teleportation {unknown}
 e - a scroll of poison {unknown}
 h - a scroll of enchant armour
 n - a scroll of fear
Potions
 c - 2 potions of degeneration {unknown}
 d - a potion of magic
 g - a potion of brilliance
 k - 2 potions of mutation {unknown}
 p - a potion of heal wounds
 q - 3 potions of ambrosia {unknown}
 v - a potion of resistance


   Skills:
 - Level 4.0 Fighting
 + Level 7.4 Long Blades
 - Level 2.6 Dodging
 - Level 2.1 Stealth
 - Level 3.0 Unarmed Combat
 - Level 2.0 Spellcasting
 - Level 3.2 Conjurations


You had 9 spell levels left.
You knew the following spells:

 Your Spells              Type           Power      Damage    Failure   Level
a - Magic Dart            Conj           60%        1d6       4%          1

Your spell library contained the following spells:

 Spells                   Type           Power      Damage    Failure   Level
 Searing Ray              Conj           30%        2d5       6%          2
 Scorch                   Fire           4%         2d5       24%         2
 Volatile Blastmotes      Fire/Tloc      4%         2d10      43%         3
 Fulminant Prism          Conj/Alch      4%         3d5       63%         4
 Iskenderun's Mystic Bla  Conj/Tloc      8%         2d4       63%         4
 Summon Blazeheart Golem  Fire/Summ      2%         N/A       83%         4
 Ignition                 Fire           1%         3d3       100%        8
 Chain Lightning          Conj/Air       4%         3d5       100%        9
 Fire Storm               Conj/Fire      4%         8d1       100%        9
 Shatter                  Erth           1%         3d5*      100%        9


Dungeon Overview and Level Annotations

Branches:
Dungeon (5/15)             Temple (1/1) D:4

Altars:
Ashenzari
Cheibriados
Dithmenos
Elyvilon
Fedhas
Gozag
Hepliaklqana
Makhleb
Nemelex Xobeh
Qazlal
Ru
Sif Muna
Trog
Uskayaw
Vehumet
Wu Jian
Xom
Yredelemnul
Zin
The Shining One


Innate Abilities, Weirdness & Mutations

((You are very nimble when in or above water. (Stealth+, EV+, Speed+++)))
Your lower body shifts to a powerful aquatic tail in water.


Message History

You feel yourself speed up.
You feel sick.
You are no longer poisoned.
The hornet closely misses you. x2
You closely miss the hornet.
The hornet is heavily wounded.
The hornet closely misses you. x2
You hit the hornet but do no damage.
The hornet is heavily wounded.
The hornet barely misses you. The hornet completely misses you.
You closely miss the hornet.
The hornet is heavily wounded.
The hornet stings you but does no damage.
You barely miss the hornet.
The hornet is heavily wounded.
The hornet misses you. x2
You closely miss the hornet.
The hornet is heavily wounded.
The hornet barely misses you.
You hit the hornet.
The hornet is severely wounded.
The hornet stings you.
You feel yourself slow down. The hornet barely misses you.
You closely miss the hornet.
The hornet is severely wounded.
The hornet stings you.
You are poisoned.
You feel as though you will be slow longer.
The hornet misses you.
You miss the hornet. Your punch misses the hornet.
The hornet is severely wounded.
You feel very sick.
The hornet stings you but does no damage.
The hornet stings you.
* * * LOW HITPOINT WARNING * * *
You feel as though you will be slow longer.
You closely miss the hornet.
The hornet is severely wounded.
You feel sick. The hornet stings you!
You die...

...... ....# ....#
....# #### ....###
######..##
......### ##
##..##....#
#####...#..
#....'%...####
....##....
#....##..##..## ..
.......#.#
##@.###+#'....#
... .....###.###
#y## ##....# ...
...........#$..s##
##..## #.#
...........#!...
##'## #.#
...........##..#
##..###.#
....#.......##+
#...(##>#
.####.......#
#....'..# ##
##......##
+#..##..# #
#..##.#.# ######)#


You could see a hornet and a scorpion.

Vanquished Creatures
  A water moccasin (D:5)
  An ogre (D:5)
  A scorpion (D:4)
  A bombardier beetle (D:5)
  2 hounds
  A jelly (D:4)
  2 orc priests
  2 iguanas (D:4)
  2 orc wizards (D:2)
  3 adders
  A shadow imp (D:5)
  A white imp (D:5)
  4 dart slugs
  A ribbon worm (D:2)
  5 orcs
  7 ball pythons
  7 endoplasms
  3 giant cockroaches
  5 goblins
  11 hobgoblins
  5 jackals (D:1)
  4 quokkas
  6 bats
  3 frilled lizards
  8 kobolds
  4 rats
91 creatures vanquished.

Notes
Turn   | Place    | Note
-------+----------+-------------------------------------------
     0 | D:1      | SnakkuSnakku7 the Merfolk Conjurer began the quest for the
                  | Orb.
     0 | D:1      | Reached XP level 1. HP: 13/13 MP: 3/3
   100 | D:1      | Reached skill level 1 in Fighting
   100 | D:1      | Reached skill level 1 in Unarmed Combat
   118 | D:1      | Reached XP level 2. HP: 5/21 MP: 0/5
   486 | D:1      | Reached XP level 3. HP: 21/27 MP: 4/6
  1115 | D:2      | Found the +0 toga "Victory" {*Victory Clar}
  1171 | D:2      | Reached XP level 4. HP: 34/34 MP: 3/7
  1336 | D:2      | Reached skill level 1 in Long Blades
  1336 | D:2      | Reached XP level 5. HP: 28/41 MP: 4/8
  1641 | D:2      | Found a burning altar of Makhleb.
  1834 | D:3      | Got the Quarto of Arson
  1954 | D:3      | Found a white marble altar of Elyvilon.
  2070 | D:3      | Reached skill level 2 in Long Blades
  2398 | D:4      | Found a blossoming altar of Fedhas.
  2632 | D:3      | Reached skill level 3 in Long Blades
  2681 | D:3      | Reached XP level 6. HP: 41/48 MP: 9/9
  2835 | D:4      | Found an ornate altar of the Wu Jian Council.
  2835 | D:4      | Found a hazy altar of Hepliaklqana.
  2992 | D:4      | Found a staircase to the Ecumenical Temple.
  3139 | Temple   | Entered the Ecumenical Temple
  3146 | Temple   | Became a worshipper of Ru the Awakened
  3252 | D:4      | Reached skill level 4 in Long Blades
  3348 | D:4      | Reached skill level 5 in Long Blades
  3553 | D:5      | Entered Level 5 of the Dungeon
  3560 | D:5      | Noticed a water moccasin
  3569 | D:5      | Killed a water moccasin
  3570 | D:5      | Reached skill level 6 in Long Blades
  3570 | D:5      | Reached XP level 7. HP: 54/54 MP: 10/10
  3668 | D:5      | Reached skill level 7 in Long Blades
  3887 | D:5      | Noticed a hornet
  3904 | D:5      | Slain by a hornet

Illustrated notes

Levels and vault maps discovered:
D:1:      lightli_arrival_maybe_door_vault, layout_loops_ring, serial_glass,
          glass_columns_c, glass_columns_a, minmay_misc_feat_plants
D:2:      layout_loops_cross, basic_altar
D:3:      layout_basic, mainiacjoe_overflow_catwalk,
          chequers_serial_rivers_small_a
D:4:      layout_rooms, fedhas_altar_1, gammafunk_temple_overflow_statue,
          lemuel_temple_firewalk_a, serial_glass, glass_columns_a,
          glass_columns_b, grunt_ministairs_11, kennysheep_opposing_triangles
D:5:      minmay_bubble_buster, layout_rooms
Temple:   regret_index_temple_waves

Skill      XL: |  1  2  3  4  5  6  7 |
---------------+----------------------+-----
Fighting       | 1 2 3 4 |  4.0
Unarmed Combat | 1 2 3 |  3.0
Long Blades    | 1 3 6 7 |  7.4
Dodging        | |  2.6
Stealth        | |  2.1
Spellcasting   | |  2.0
Conjurations   | |  3.2

Action                     |  1- 3 |  4- 6 |  7- 9 || total
---------------------------+-------+-------+-------++-------
  Melee: Unarmed           |   164 |    25 |       ||   189
         Punch             |     6 |     4 |       ||    10
         Scimitar          |       |   132 |    33 ||   165
   Cast: Magic Dart        |    43 |     3 |       ||    46
  Evoke: Wand              |       |     4 |     4 ||     8
    Use: Potion            |     1 |       |       ||     1
         Scroll            |       |     4 |     1 ||     5
   Stab: Sleeping          |     2 |     4 |     1 ||     7
         Paralysed         |       |     4 |       ||     4
 Armour: Robe              |    94 |    88 |    28 ||   210
  Dodge: Dodged            |   105 |   104 |    40 ||   249
